 Dungeon Crawl Stone Soup version 0.17-a0-1435-geafbe2f (webtiles) character file.

225 Snupthedog the Ducker (level 5, 0/40 HPs)
             Began as a Demonspawn Gladiator on June 26, 2015.
             Shot with an arrow of frost by a centaur (2 damage)
             ... on level 5 of the Dungeon.
             The game lasted 00:10:27 (2526 turns).

Snupthedog the Ducker (Demonspawn Gladiator)        Turns: 2526, Time: 00:10:28

Health: 0/40       AC:  5    Str: 15    XL:     5   Next: 68%
Magic:  5/5        EV: 14    Int: 14    God:
Gold:   245        SH:  0    Dex: 14    Spells: 0 memorised, 4 levels left

rFire  + . .     SeeInvis +     a - +0 quarterstaff
rCold  . . .     Clarity  .     w - +1 robe of Hadjma {rElec rPois Regen+ Int+4} (curse)
rNeg   . . .     SustAt   .     (no shield)
rPois  +         Gourm    .     c - +0 helmet
rElec  +         Spirit   .     (no cloak)
rCorr  .         Warding  .     (no gloves)
rMut   .         Stasis   .     t - +0 pair of boots
MR     .....                    (no amulet)
Stlth  +.........               (no ring)
                                b - ring of see invisible

@: not resistant to hostile enchantments, very unstealthy
A: hooves 1, fire resistance 1, powered by death 1
a: no special abilities


You were on level 5 of the Dungeon.
You were hungry.

You visited 1 branch of the dungeon, and saw 5 of its levels.

You collected 245 gold pieces.

Inventory:

Hand weapons
 a - a +0 quarterstaff (weapon)
Missiles
 d - 3 throwing nets (quivered)
Armour
 c - a +0 helmet (worn)
 t - a +0 pair of boots (worn)
 w - the cursed +1 robe of Hadjma (worn) {rElec rPois Regen+ Int+4}
   (You found it on level 4 of the Dungeon)

   It affects your intelligence (+4).
   It insulates you from electricity.
   It protects you from poison.
   It increases your rate of regeneration.
   It has a curse placed upon it.
Jewellery
 b - a ring of see invisible (left hand)
Magical devices
 v - a wand of paralysis (7)
Scrolls
 g - 2 scrolls of enchant weapon {unknown}
 i - a scroll of enchant armour {unknown}
 j - 5 scrolls of identify {unknown}
 l - 5 scrolls of remove curse {unknown}
 m - a scroll of teleportation {unknown}
 o - a scroll of fog {unknown}
 q - 3 scrolls of fear {unknown}
 s - 2 scrolls of amnesia {unknown}
 u - a scroll of blinking {unknown}
 x - a scroll of random uselessness {unknown}
Potions
 f - 2 potions of curing {unknown}
 h - 2 potions of resistance {unknown}
 n - a potion of degeneration {unknown}
 p - 2 potions of poison {unknown}
 z - a potion of haste {unknown}
Comestibles
 e - 4 bread rations
 k - 3 meat rations
 r - a beef jerky


   Skills:
 + Level 2.8 Fighting
 * Level 3.9 Staves
 + Level 1.8 Throwing
 - Level 1.9 Armour
 * Level 4.0 Dodging
 - Level 0.2 Stealth


You had 4 spell levels left.
You didn't know any spells.

Dungeon Overview and Level Annotations

Branches:
Dungeon (5/15)
 Temple: D:4-7

Altars:
Elyvilon
Makhleb
Xom
Zin


Innate Abilities, Weirdness & Mutations

You have large cloven feet.
Your flesh is heat resistant.
You regenerate a little health from kills.


Message History

The bat barely misses you.
You miss the bat. The bat misses you. The bat barely misses you.
The bat hits you but does no damage.
You hit the bat but do no damage. The bat hits you but does no damage.
A centaur comes into view.
You barely miss the bat. The bat misses you.
The bat hits you but does no damage.
You barely miss the bat. The bat misses you.
You hit the bat.
You kill the bat!
The centaur wields a shortbow.
The centaur shoots an arrow of frost.
The arrow of frost hits you! The arrow of frost freezes you.
The angel lectures its feet at length about rejecting the service of demons.
The centaur shoots an arrow of frost.
The arrow of frost hits you! The arrow of frost freezes you.
* * * LOW HITPOINT WARNING * * *
The centaur shoots an arrow of frost.
The arrow of frost hits you.
* * * LOW HITPOINT WARNING * * *
The arrow of frost freezes you.
You die...

#.#..#....#####
#.#......#.....
#.##.###.#.#..#
#.##.###.#.#..######
#. #.=.>.#.#........
#.######.#.#...._...
#........#.#)"#####.
##.........(..#..A#.
#...<....#.@.#...#.
#............#...#.
###########=?#####.
#..c._... ##.......
#######


You could see an angel (confused) and a centaur.

Vanquished Creatures
  A hound (D:5)
  A giant frog skeleton (D:3)
  2 worker ant zombies (D:5)
  5 adders
  3 gnolls (D:3)
  3 giant geckos
  An orc (D:3)
  7 bats
  5 giant cockroaches
  4 hobgoblins
  4 jackals (D:2)
  A quokka (D:2)
  A ball python (D:2)
  4 giant newts
  6 goblins
  11 kobolds
  3 rats
62 creatures vanquished.

Notes
Turn   | Place    | Note
--------------------------------------------------------------
     0 | D:1      | Snupthedog the Demonspawn Gladiator began the quest for the Orb.
     0 | D:1      | Reached XP level 1. HP: 16/16 MP: 1/1
   378 | D:1      | Gained mutation: You regenerate a little health from kills. [demonic ancestry]
   378 | D:1      | Reached XP level 2. HP: 19/22 MP: 2/2
   488 | D:2      | Reached skill level 3 in Dodging
   789 | D:2      | Reached XP level 3. HP: 27/27 MP: 3/3
   973 | D:2      | Reached skill level 1 in Armour
  1257 | D:3      | Gained mutation: Your flesh is heat resistant. [demonic ancestry]
  1257 | D:3      | Reached XP level 4. HP: 29/34 MP: 4/4
  1358 | D:3      | Gained mutation: You have large cloven feet. [demonic ancestry]
  1358 | D:3      | Reached XP level 5. HP: 36/39 MP: 5/5
  1426 | D:3      | Found a white marble altar of Elyvilon.
  2043 | D:4      | Found a burning altar of Makhleb.
  2050 | D:4      | Got a heavily jewelled robe
  2061 | D:4      | Identified the cursed +1 robe of Hadjma {rElec rPois Regen+ Int+4} (You found it on level 4 of the Dungeon)
  2428 | D:5      | Entered Level 5 of the Dungeon
  2481 | D:5      | Reached skill level 4 in Dodging
  2516 | D:5      | Noticed an angel
  2516 | D:5      | Found a shimmering altar of Xom.
  2516 | D:5      | Found a glowing silver altar of Zin.
  2523 | D:5      | Noticed a centaur
  2526 | D:5      | HP: 2/40 [centaur/arrow of frost (6)]
  2526 | D:5      | Shot with an arrow of frost by a centaur

Vault maps used:
D:1:      scummos_arrival_simple_fountains
D:2:      nicolae_overflow_hidden_temple
D:3:      elyvilon_altar_4, first_bread
D:4:      bloody_makhleb, minmay_strange_pillars
D:5:      grunt_temple_overflow_order_and_chaos_1, slow_altar_2, uniq_edmund

Action                   |  1- 3 |  4- 6 || total
-------------------------+-------+-------++-------
Melee: Quarterstaff      |   140 |   118 ||   258
 Stab: Sleeping          |       |     2 ||     2
  Eat: Chunk             |     1 |     1 ||     2
       Pizza             |       |     1 ||     1
       Beef jerky        |       |     1 ||     1
